 Dungeon Crawl Stone Soup version 0.29.0-13-gc9e81de378 (webtiles) character file.

Game seed: 3179034554336623759

5305 iguanaiguana the Cleaver (level 10, 0/91 HPs)
             Began as a Minotaur Fighter on Sept 7, 2022.
             Was an Initiate of Gozag.
             Slain by Snorg (3 damage)
             ... on level 10 of the Dungeon.
             The game lasted 00:04:48 (9903 turns).

iguanaiguana the Cleaver (Minotaur Fighter)         Turns: 9903, Time: 00:04:48

Health: 0/91       AC: 12    Str: 26    XL:     10   Next: 37%
Magic:  9/9        EV: 14    Int:  5    God:    Gozag
Gold:   1761       SH:  6    Dex: 15    Spells: 9/9 levels left

rFire   . . .      SeeInvis .   a - +0 war axe
rCold   . . .      Faith    .   c - +0 buckler
rNeg    . . .      Spirit   .   D - +3 ring mail
rPois   .          Reflect  .   (helmet restricted)
rElec   .          Harm     .   B - +0 cloak
rCorr   .          Rampage  .   C - +0 pair of gloves
Will    .....                   (no boots)
Stlth   +.........              (no amulet)
HPRegen 0.25/turn               v - +6 ring of dexterity
MPRegen 0.11/turn               w - +4 ring of evasion

@: mighty
A: horns 2, retaliatory headbutt
a: Renounce Religion, Potion Petition, Call Merchant, Bribe Branch


You were on level 10 of the Dungeon.
You worshipped Gozag.
Gozag was most pleased with you.
You visited 2 branches of the dungeon, and saw 11 of its levels.

You collected 1833 gold pieces.
You paid 72 gold pieces to Gozag.

Inventory:

Hand Weapons
 a - a +0 war axe (weapon)
Missiles
 f - 10 poisoned darts (quivered)
 I - 7 boomerangs
 Q - 6 javelins
Armour
 b - a +0 scale mail
 c - a +0 buckler (worn)
 B - a +0 cloak (worn)
 C - a +0 pair of gloves (worn)
 D - a +3 ring mail (worn)
Jewellery
 n - a ring of protection from fire
 v - a +6 ring of dexterity (left hand)
 w - a +4 ring of evasion (right hand)
 y - a ring of resist corrosion
Wands
 x - a wand of digging (2) {@v3}
 z - a wand of acid (9) {@v1}
 F - a wand of flame (31)
 H - a wand of paralysis (8)
 R - a wand of polymorph (8)
Scrolls
 e - a scroll of blinking {unknown}
 g - 2 scrolls of fear {unknown}
 k - 11 scrolls of identify {unknown}
 l - 5 scrolls of teleportation {unknown}
 m - 2 scrolls of torment {unknown}
 p - 2 scrolls of magic mapping {unknown}
 q - 5 scrolls of enchant weapon {unknown}
 s - a scroll of butterflies {unknown}
 u - 3 scrolls of poison {unknown}
 A - 5 scrolls of noise {unknown}
 G - 3 scrolls of immolation {unknown}
 J - 2 scrolls of enchant armour {unknown}
 L - a scroll of summoning {unknown}
 P - a scroll of vulnerability {unknown}
Potions
 d - 3 potions of might {@q3}
 h - a potion of attraction {unknown}
 i - 6 potions of curing {unknown}
 j - 2 potions of haste {unknown}
 o - 2 potions of magic {unknown}
 r - 2 potions of lignification {unknown}
 t - 3 potions of berserk rage {unknown}
 E - a potion of mutation {unknown}
 K - 2 potions of degeneration {unknown}
 M - 2 potions of ambrosia {unknown}
 N - a potion of flight {unknown}
 O - 2 potions of heal wounds {unknown}


   Skills:
 + Level 9.3 Fighting
 * Level 12.3 Axes
 + Level 9.3 Armour
 - Level 8.0 Shields


You had 9 spell levels left.
You didn't know any spells.
Your spell library was empty.

Dungeon Overview and Level Annotations

Branches:
Dungeon (10/15) Zot: 26474  Temple (1/1) D:4 Zot: 5805
   Lair: D:8-11         Orc: D:9-12

Altars:
Ashenzari
Dithmenos
Elyvilon
Fedhas
Gozag
Hepliaklqana
Kikubaaqudgha
Makhleb
Uskayaw
Vehumet
Xom
Yredelemnul
Zin
The Shining One

Shops:
D:4 *

Annotations:
D:3 Terence
D:10 Snorg


Innate Abilities, Weirdness & Mutations

You have a pair of horns on your head.
You reflexively headbutt those who attack you in melee.


Message History

You hit Snorg.
Snorg is moderately wounded.
Snorg goes berserk!
You slash Snorg!
Snorg is moderately wounded.
Snorg bites you!! Snorg claws you!
You are too injured to fight recklessly!
Snorg is nearby!
You are too injured to fight recklessly!
You are too injured to fight recklessly!
You are too injured to fight recklessly!
Snorg is nearby!
You are too injured to fight recklessly!
You are too injured to fight recklessly!
You are too injured to fight recklessly!
Snorg is nearby!
You feel very mighty all of a sudden. Snorg bites you!
* * * LOW HITPOINT WARNING * * *
Snorg claws you!
* * * LOW HITPOINT WARNING * * *
You closely miss Snorg.
Snorg is moderately wounded.
Snorg bites you.
* * * LOW HITPOINT WARNING * * *
You slash Snorg!
Snorg is moderately wounded.
Snorg bites you.
* * * LOW HITPOINT WARNING * * *
You closely miss Snorg.
Snorg is moderately wounded.
Snorg claws you!
* * * LOW HITPOINT WARNING * * *
You slash Snorg!
Snorg is heavily wounded.
Snorg bites you.
* * * LOW HITPOINT WARNING * * *
Snorg claws you.
You die...
Your body crumbles into a pile of gold.

##################
#.................
##.################
#......... #
#......... #
#......... ####
#.@....... #...
#.T....... #...
........... #...
##.......... +...
#.......... #...
#.......... #...
#.#.#.##### #...
#.#.#.# #... ##...


You could see Snorg (berserk).

Vanquished Creatures
  Lodul (D:10)
  A shadow (D:9)
  A wraith (D:9)
  4 yaks (D:9)
  An acid dragon (D:9)
  4 water moccasins
  A black bear (D:6)
  2 sky beasts
  2 orc warriors
  3 centaurs
  9 ogres
  2 phantoms
  2 bullfrogs
  2 scorpions (D:5)
  3 necrophages
  4 wights (D:8)
  13 killer bees (D:9)
  2 howler monkeys
  4 hounds
  2 orc priests
  Crazy Yiuf (D:5)
  6 iguanas
  6 adders
  4 white imps
  An ufetubus (D:5)
  A worm (D:2)
  17 orcs
  5 bats
  5 endoplasms
  A goblin (D:1)
  4 hobgoblins (D:1)
  2 jackals (D:2)
  3 kobolds
  A quokka (D:3)
  6 ball pythons
  4 rats
130 creatures vanquished.

Vanquished Creatures (others)
  An orc wizard (D:9)
  26 plants (D:3)
27 creatures vanquished.

Grand Total: 157 creatures vanquished

Notes
Turn   | Place    | Note
-------+----------+-------------------------------------------
     0 | D:1      | iguanaiguana the Minotaur Fighter began the quest for the
                  | Orb.
     0 | D:1      | Reached XP level 1. HP: 19/19 MP: 0/0
   156 | D:1      | Found a faded altar of an unknown god.
   274 | D:1      | Reached XP level 2. HP: 27/27 MP: 1/1
   743 | D:2      | Reached skill level 3 in Axes
  1121 | D:2      | Found a shimmering altar of Xom.
  1424 | D:3      | Reached XP level 3. HP: 33/33 MP: 2/2
  1649 | D:3      | Noticed Terence
  1882 | D:3      | Reached XP level 4. HP: 18/40 MP: 3/3
  2098 | D:4      | Reached skill level 4 in Axes
  2150 | D:4      | Found Niczopha's General Store.
  2238 | D:4      | Reached XP level 5. HP: 36/47 MP: 4/4
  2455 | D:4      | Found a broken altar of Ashenzari.
  2521 | D:4      | Found a staircase to the Ecumenical Temple.
  2672 | Temple   | Entered the Ecumenical Temple
  2839 | Temple   | Became a worshipper of Gozag Ym Sagoz the Greedy
  3316 | D:5      | Entered Level 5 of the Dungeon
  3358 | D:5      | Reached skill level 5 in Axes
  3358 | D:5      | Noticed a phantom
  3364 | D:5      | Reached skill level 5 in Fighting
  3364 | D:5      | Reached XP level 6. HP: 44/56 MP: 5/5
  3369 | D:5      | Reached skill level 5 in Armour
  3369 | D:5      | Reached skill level 5 in Shields
  3565 | D:5      | Found a runed translucent door.
  3566 | D:5      | Noticed Crazy Yiuf
  3966 | D:5      | Reached skill level 6 in Axes
  4004 | D:5      | Reached XP level 7. HP: 47/61 MP: 6/6
  4513 | D:5      | Reached skill level 7 in Axes
  4734 | D:5      | Killed Crazy Yiuf
  5090 | D:6      | Found a glowing golden altar of the Shining One.
  5118 | D:6      | Reached XP level 8. HP: 51/70 MP: 7/7
  5319 | D:6      | Reached skill level 8 in Axes
  5918 | D:7      | Found a hide-covered altar of Uskayaw.
  6197 | D:7      | Reached skill level 9 in Axes
  6751 | D:8      | Reached XP level 9. HP: 53/77 MP: 8/8
  7709 | D:9      | Reached skill level 10 in Axes
  8566 | D:9      | Reached skill level 11 in Axes
  9029 | D:9      | Reached XP level 10. HP: 72/90 MP: 9/9
  9377 | D:10     | Entered Level 10 of the Dungeon
  9639 | D:10     | Noticed Lodul
  9650 | D:10     | Killed Lodul
  9651 | D:10     | Reached skill level 12 in Axes
  9893 | D:10     | Noticed Snorg
  9903 | D:10     | HP: 3/91 [Snorg (5)]
  9903 | D:10     | Slain by Snorg

Illustrated notes

Levels and vault maps discovered:
D:1:      scummos_arrival_gate, layout_basic,
          hellmonk_ecumenical_altar_crossroads, minivault_23
D:2:      layout_basic, basic_altar, serial_corexii_hall,
          chequers_hall_statues_corner_a, corexii_hall_statues_t,
          corexii_hall_statues_l, corexii_hall_statues_u,
          corexii_hall_statues_i, corexii_hall_statues_l
D:3:      layout_loops_ring, nicolae_overflow_hallway_of_the_gods,
          serial_bayou_lagoon_a, uniq_terence
D:4:      minmay_wonky_spiral, layout_loops_ring, evilmike_ruin_ashenzari,
          temple_doors_e, serial_shops, shop, serial_forest,
          infiniplex_forest_end_2, infiniplex_forest_zigzag_1,
          infiniplex_forest_straight_3, infiniplex_forest_lined_corner,
          kennysheep_flooded_box, minmay_misc_feat_tiny
D:5:      layout_basic, uniq_crazy_yiuf_cottage
D:6:      layout_layer_cave, lemuel_crystal_altar, skrybe_limestone_x
D:7:      layout_cave_pods, mainiacjoe_overflow_chevrons
D:8:      layout_rooms
D:9:      layout_cave_pools
D:10:     layout_basic, mainiacjoe_overflow_six_doors_small, uniq_snorg,
          uniq_lodul
Temple:   nicolae_temple_bog_church

Skill      XL: |  1  2  3  4  5  6  7  8  9 10 |
---------------+-------------------------------+-----
Axes           | 3 4 5 6 7 9 11 12 | 12.3
Fighting       | 4 5 6 7 8 9 |  9.3
Armour         | 4 5 6 7 8 9 |  9.3
Shields        | 4 5 6 7 8 |  8.0

Action                   |  1- 3 |  4- 6 |  7- 9 | 10-12 || total
-------------------------+-------+-------+-------+-------++-------
Melee: War axe           |    62 |    65 |   223 |    48 ||   398
       Headbutt          |     7 |    10 |    44 |    13 ||    74
  Use: Potion            |       |       |       |     1 ||     1
 Stab: Distracted        |       |     1 |       |     2 ||     3
Armor: Scale mail        |    24 |    22 |    18 |       ||    64
       Ring mail         |       |       |    92 |    19 ||   111
Dodge: Dodged            |    22 |    21 |   166 |    39 ||   248
Block: Buckler           |    16 |    10 |    84 |    18 ||   128
